 Dungeon Crawl Stone Soup version 0.31-a0-1338-gb567cfdca4 (webtiles) character file.

Game seed: 2947871108084716090

44 IdlyInterested the Changeling (level 3, 0/26 HPs)
             Began as a Demonspawn Shapeshifter on Dec 21, 2023.
             Succumbed to an adder's poison
             ... on level 3 of the Dungeon.
             The game lasted 00:03:09 (1417 turns).

IdlyInterested the Changeling (DsSh)                Turns: 1417, Time: 00:03:09

Health: 0/26       AC:  3    Str: 14    XL:     3   Next: 41%
Magic:  3/3        EV: 12    Int: 10    God:
Gold:   195        SH:  0    Dex: 14    Spells: 2/2 levels left

rFire   . .          .
                       - Unarmed
rCold   . . .        (no shield)
rNeg    . . .        h - +0 leather armour
rPois   .            (helmet currently unavailable)
rElec   .            (cloak currently unavailable)
rCorr   .            (gloves currently unavailable)
SInv    .            l - melded +0 pair of boots
Will    .....        (no amulet)
Stlth   +            (no ring)
HPRegen 0.24/turn    (no ring)
MPRegen 0.08/turn

%: no passive effects
@: lethally poisoned (0 -> -1), beast-form, invisible
A: beast (slay +2), powered by pain 1, sturdy frame 1
a: Begin Untransformation


You were on level 3 of the Dungeon.
You were a hulking beast.
You visited 1 branch of the dungeon, and saw 3 of its levels.

You collected 195 gold pieces.

Inventory:

Hand Weapons
 e - a +0 spear
 m - a +0 morningstar
Missiles
 g - 19 stones (quivered)
Armour
 h - a +0 leather armour (worn)
 l - a +0 pair of boots (melded)
Magical Staves
 r - a staff of death
Talismans
 c - a beast talisman (active)
 d - a flux talisman
Scrolls
 a - a scroll of fog {unknown}
 f - a scroll of noise {unknown}
 i - a scroll of immolation {unknown}
 j - 2 scrolls of revelation {unknown}
 n - a scroll of enchant armour {unknown}
 p - a scroll of teleportation {unknown}
Potions
 b - a potion of lignification
 o - a potion of heal wounds {unknown}
 q - a potion of haste {unknown}
 s - a potion of enlightenment {unknown}


   Skills:
 - Level 1.0 Fighting
 - Level 1.7 Dodging
 - Level 2.6 Unarmed Combat
 + Level 3.9 Shapeshifting


You had 2 spell levels left.
You didn't know any spells.
Your spell library contained the following spells:

 Spells                   Type           Power      Damage    Failure   Level
 Scorch                   Fire           0%         2d5       52%         2
 Flame Wave               Conj/Fire      0%         2d4       98%         4
 Summon Cactus Giant      Summ           0%         N/A       100%        6


Dungeon Overview and Level Annotations

Branches:
Dungeon (3/15)

Altars:
Fedhas


Innate Abilities, Weirdness & Mutations

You are a hulking beast.
Your limbs bulge with bestial killing power. (Slay +2)
You sometimes gain a little power by taking damage.
Your movements are slightly less encumbered by armour. (ER -2)


Message History

You hit the orc.
The orc is severely wounded.
The orc hits you with a +0 dagger of holy wrath.
You convulse.
* * * LOW HITPOINT WARNING * * *
You hit the orc.
You kill the orc!
The bat closely misses you. The bat hits you.
* * * LOW HITPOINT WARNING * * *
You hit the bat.
The bat is heavily wounded.
The bat closely misses you. The bat hits you but does no damage.
You hit the bat but do no damage.
The bat is heavily wounded.
The bat misses you.
You hit the bat.
You kill the bat!
You miss the adder. The adder bites you.
* * * LOW HITPOINT WARNING * * *
You are poisoned.
The adder poisons you! The adder bites you.
* * * LOW HITPOINT WARNING * * *
You closely miss the adder.
* * * LOW HITPOINT WARNING * * *
You feel sick. The adder barely misses you.
Okay, then.
You punch the adder!
The adder is heavily wounded.
* * * LOW HITPOINT WARNING * * *
You feel sick. The adder closely misses you.
Unknown command.
You barely miss the adder.
The adder is heavily wounded.
* * * LOW HITPOINT WARNING * * *
You feel sick. The adder bites you.
* * * LOW HITPOINT WARNING * * *
Unknown command.
It was a potion of invisibility.
You fade into invisibility!
You die...

........#
##......#
#.......# #
#...o...# #.
#S##o#..# #.
#.?..# # ..
#.$#.......
#.####o.#.#..###
#.hSoo......#
#.###.......# #.
........# ..
.[.#..#...
##............#
#...#......#.
#............
.............


You could see an adder (unable to see you) and 3 orcs.

Vanquished Creatures
  An adder (D:2)
  A dart slug (D:1)
  An orc (D:3)
  2 bats
  3 endoplasms
  2 giant cockroaches
  3 goblins
  3 hobgoblins
  4 quokkas
  2 ball pythons (D:1)
  2 frilled lizards
  2 kobolds
  3 rats (D:2)
29 creatures vanquished.

Notes
Turn   | Place    | Note
-------+----------+-------------------------------------------
     0 | D:1      | IdlyInterested the Demonspawn Shapeshifter began the quest
                  | for the Orb.
     0 | D:1      | Reached XP level 1. HP: 15/15 MP: 1/1
   135 | D:1      | Reached skill level 3 in Shapeshifting
   259 | D:1      | Gained mutation: You sometimes gain a little power by
                  | taking damage. [demonic ancestry]
   259 | D:1      | Reached XP level 2. HP: 3/21 MP: 2/2
   259 | D:1      | HP: 1/21 [quokka (2)]
   505 | D:1      | Found a faded altar of an unknown god.
   808 | D:2      | Gained mutation: Your movements are slightly less
                  | encumbered by armour. (ER -2) [demonic ancestry]
   808 | D:2      | Reached XP level 3. HP: 26/26 MP: 3/3
  1182 | D:2      | Found a blossoming altar of Fedhas.
  1416 | D:3      | HP: 1/26 [adder (1)]
  1417 | D:3      | Succumbed to an adder's poison

Illustrated notes

Levels and vault maps discovered:
D:1:      doesnt_arrival_eight_statues, layout_rooms,
          shapermc_ecumenical_altar_starsandcircs
D:2:      layout_basic, basic_altar, grunt_ministairs_2
D:3:      layout_loops_cross, minmay_misc_feat_plants, uniq_sigmund,
          uniq_grinder

Skill      XL: |  1 |
---------------+----+-----
Shapeshifting  | 3 |  3.9
Fighting       | |  1.0
Dodging        | |  1.7
Unarmed Combat | |  2.6

Action                     || total
---------------------------++-------
  Melee: Unarmed           ||   123
         Punch             ||     2
    Use: Potion            ||     1
   Stab: Sleeping          ||     2
 Armour: Leather armour    ||    67
         Animal skin       ||     1
  Dodge: Dodged            ||    64
   Form: Beast             ||     1
         Flux              ||     1

Table legend: (Time is in decaauts)
 A = Elapsed time spent in this place.
 B = Non-inter-level travel time spent in this place.
 C = Inter-level travel time spent in this place.
 D = Time resting spent in this place.
 E = Time spent auto-exploring this place.
 F = Levels seen in this place.
 G = Mean time per level.
                   A        B        C        D        E       F      G
               +--------+--------+--------+--------+--------+-----+--------+
         Total |   1410 |   1312 |     98 |    374 |    488 |   3 |  470.0 |
       Dungeon |   1410 |   1312 |     98 |    374 |    488 |   3 |  470.0 |
               +--------+--------+--------+--------+--------+-----+--------+

Top non-repeatable levels by time:
     D:1: 696 daAuts
     D:2: 694 daAuts
     D:3: 20 daAuts
